 Dungeon Crawl Stone Soup version bcrawl-1.17.3 (webtiles) character file.

Game seed: 8236182538259052441

78056 Gumption the Spry (level 15, -1/107 HPs)
             Began as a Fairy Wizard on Oct 22, 2019.
             Was an Initiate of Gozag.
             Killed from afar by an ice dragon (28 damage)
             ... with a blast of cold
             ... on level 12 of the Dungeon on Oct 23, 2019.
             The game lasted 08:58:51 (28427 turns).

Gumption the Spry (Fairy Wizard)                   Turns: 28427, Time: 08:58:51

Health: -1/107     AC: 18    Str:  5    XL:     15   Next: 59%
Magic:  22/35      EV: 26    Int: 30    God:    Gozag
Gold:   5591       SH: 14    Dex: 11    Spells: 19/43 levels left

rFire    . . .     SeeInvis .   a - +1 dagger (venom)
rCold    . . .     Gourm    .   h - +0 buckler
rNeg     . . .     Faith    .   (armour unavailable)
rPois    .         Spirit   .   k - +2 hat
rElec    .         Reflect  .   t - +1 cloak
rCorr    .         Harm     .   A - +1 pair of gloves
MR       +....                  J - +2 pair of boots {Fly}
Stlth    +.........             K - amulet of the acrobat
HPRegen  1.27/turn              R - +2 ring of intelligence
MPRegen  0.24/turn              H - +1 ring of protection

@: flying evasively, regenerating
A: small, magic attunement, unstealthy, unfitting armour, able to fly, AC/SH +8
a: Stop Flying, Potion Petition, Call Merchant, Bribe Branch, Renounce Religion


You were on level 12 of the Dungeon.
You worshipped Gozag.
Gozag was greatly pleased with you.
You were not hungry.

You visited 3 branches of the dungeon, and saw 19 of its levels.
You also visited: Sewer and Volcano.

You collected 8097 gold pieces.
You spent 1147 gold pieces at shops.
You paid 1359 gold pieces to Gozag.

Inventory:

Hand Weapons
 a - a +1 dagger of venom (weapon)
 b - a +0 blowgun
 w - the +6 scimitar of Flaming Death {sticky flame, rF++ rC- MR+}
   (You found it on level 11 of the Dungeon)

   It has been specially enchanted to burn those struck by it, causing extra
   injury to most foes and up to half again as much damage against particularly
   susceptible opponents.
   Big, fiery blades are also staple armaments of hydra-hunters.
   It greatly protects you from fire.
   It makes you vulnerable to cold.
   It affects your resistance to hostile enchantments.
 M - a +0 rapier
Missiles
 i - 3 throwing nets {!f}
 m - 761 tomahawks (quivered)
 v - 7 curare-tipped needles
 z - 62 poisoned tomahawks
Armour
 h - a +0 buckler (worn)
 k - a +2 hat (worn)
 t - a +1 cloak (worn)
 A - a +1 pair of gloves (worn)
 J - a +2 pair of boots of flying (worn)
Jewellery
 H - a +1 ring of protection (right hand)
 K - an amulet of the acrobat (around neck)
 L - the amulet of Pagreita {Acrobat *Corrode *Drain rF+++ Dex+3}
   (You found it on level 5 of the Lair of Beasts)

   [amulet of the acrobat]

   It helps you evade while moving and waiting.
   It affects your dexterity (+3).
   It renders you almost immune to fire.
   It may corrode you when you take damage.
   It causes draining when unequipped.
 R - a +2 ring of intelligence (left hand)
Wands
 c - a wand of iceblast (13)
 j - a wand of enslavement (3)
 n - a wand of random effects (1)
 C - a wand of polymorph (39)
 D - a wand of clouds (1)
 G - a wand of flame (68)
 T - a wand of paralysis (11)
Scrolls
 d - a scroll of fear
 f - 8 scrolls of teleportation
 o - 2 scrolls of enchant weapon
 p - 3 scrolls of identify
 q - 8 scrolls of remove curse
 r - 5 scrolls of enchant armour
 y - a scroll of magic mapping
 N - 2 scrolls of immolation
 O - 3 scrolls of silence
 S - a scroll of fog
 W - a scroll of vulnerability {unknown}
Potions
 g - 6 potions of curing
 s - 6 potions of brilliance
 u - 4 potions of ambrosia
 x - 5 potions of berserk rage
 B - 3 potions of resistance
 E - 2 potions of agility
 F - 3 potions of heal wounds
 I - 6 potions of might
 P - a potion of haste
 U - a potion of mutation
 V - a potion of lignification
Miscellaneous
 l - a phantom mirror
 Q - a phial of floods
Comestibles
 e - 21 rations {!d}


   Skills:
 + Level 11.5 Fighting
 + Level 9.9 Short Blades
 + Level 16.0 Dodging
 - Level 1.5 Stealth
 - Level 5.6 Shields
 + Level 14.6 Spellcasting
 - Level 5.1 Conjurations
   Level 3.0 Hexes
 - Level 3.0 Charms
 - Level 5.0 Summonings
 - Level 3.0 Necromancy
 - Level 2.0 Translocations
 - Level 3.0 Fire Magic
 - Level 5.0 Ice Magic
 - Level 5.0 Air Magic
 - Level 4.5 Poison Magic
 - Level 6.0 Evocations


You had 19 spell levels left.
You knew the following spells:

 Your Spells              Type           Power        Failure   Level  Hunger
a - Magic Dart            Conj           ####         1%          1    None
b - Summon Lightning Spi  Summ/Air       ######..     8%          5    None
c - Blink                 Tloc           N/A          1%          2    None
d - Summon Ice Beast      Ice/Summ       ######..     2%          4    None
e - Conjure Flame         Conj/Fire      #####...     1%          3    None
f - Mephitic Cloud        Conj/Pois/Air  ######..     1%          3    None
g - Ozocubu's Armour      Chrm/Ice       #####...     1%          3    None
z - Regeneration          Chrm/Necr      #####.....   1%          3    None

Your spell library contained the following spells:

 Spells                   Type           Power        Failure   Level  Hunger
 Infusion                 Chrm           #####...     1%          1    None
 Slow                     Hex            #####...     1%          1    None
 Summon Small Mammal      Summ           ####         1%          1    None
 Call Imp                 Summ           ######..     1%          2    None
 Song of Slaying          Chrm           #####...     1%          2    None
 Call Canine Familiar     Summ           ######..     1%          3    None
 Spectral Weapon          Hex/Chrm       #####...     1%          3    None


Dungeon Overview and Level Annotations

Branches:
Dungeon (12/12)            Temple (0/1) D:4            Lair (6/6) D:8
 Spider (0/3) Lair:3        Slime (0/5) Lair:5          Orc (1/1) D:11
    Elf (0/3) Orc          Vaults (0/3) D:12         Depths (0/5) D:12
  Swamp: Lair:2-4    Shoals: Lair:2-4

Altars:
Ashenzari
Gozag
Kikubaaqudgha
Qazlal
Sif Muna
Trog
Yredelemnul
The Shining One
Beogh

Shops:
D:6 (   D:8 (   D:10 %   Orc ([*=   Lair:5 }   Lair:6 :

Annotations:
D:5 3 runed translucent doors, 2 exclusions, Quickbrownfox's ghost, novice MfSk; yrara's ghost, novice DsFi
D:8 2 transporters
Lair:4 exclusion: oklob plant


Innate Abilities, Weirdness & Mutations

Your spells do not cause hunger and MP costs are reduced by 1.
Your bright wings attract enemies. (Stealth-)
You cannot fit into any form of body armour.
Your shimmering scales are hard and can block incoming attacks. (AC +8, SH +8)
You are small and have problems with some larger weapons.
You can fly continuously.


Message History

Confirm with . or Enter, or press ? or * to list all spells.
You blink.
Casting: Blink (safe; 1% risk of failure)
Confirm with . or Enter, or press ? or * to list all spells.
You blink.
Your lightning spire disappears in a puff of smoke!
Casting: Blink (safe; 1% risk of failure)
Confirm with . or Enter, or press ? or * to list all spells.
Your skin crawls.
You block the freezing wraith's attack.
The freezing wraith hits you but does no damage.
Casting: Regeneration (safe; 1% risk of failure)
Confirm with . or Enter, or press ? or * to list all spells.
Aiming: Summon Lightning Spire (safe; 8% risk of failure)
Press: ? - help, Dir - move target cursor, p - ice dragon An electric hum fills the air.
You block the freezing wraith's attack. x2
The ice dragon breathes frost at you.
The blast of cold hits the freezing wraith.
The freezing wraith completely resists.
The blast of cold hits you!
You die...
Your body crumbles into a pile of gold.

######.≈###≈≈≈≈###≈..##.#....
#.......≈≈≈≈≈≈≈≈≈≈...##.##...
#.......≈≈≈≈≈≈≈≈≈≈...##.##.##
#......≈###≈≈≈≈###≈[.##.##.#
#......#...#≈≈#...#........#
#......#.⌠.#..#.⌠.#.###.#####
#......#...#..#...# #...
#.......###...8###......##...
#.##.....D.W@........#####...
#.#####..####.######## #...
#..........D..# ##...
#######.###### #.... ###
#.##. #.... ###.##. #(.....
#.#.##.


You could see an ice dragon, a freezing wraith and a friendly lightning spire.

Vanquished Creatures
  Kirke (Lair:4)
  A red draconian (Volcano)
  A dire elephant (Lair:3)
  9 hydras
  2 two-headed ogres
  4 catoblepae
  A centaur warrior (Volcano)
  2 anacondas
  18 death yaks
  Erica (Lair:1)
  An ogre mage (D:10)
  An unseen horror (D:12)
  A cyclops (D:9)
  A lindwurm (Lair:4)
  A manticore (Lair:6)
  An orc sorcerer (Orc)
  An ugly thing (D:7)
  18 elephants
  2 black mambas (Lair:5)
  A torpor snail (Lair:5)
  13 cane toads
  A centaur skeleton (D:12)
  2 kobold demonologists
  4 komodo dragons
  A rime drake (Lair:4)
  A merfolk (shapeshifter) (D:12)
  A troll (D:9)
  A polar bear (Lair:2)
  2 tyrant leeches (Lair:4)
  2 dream sheep
  4 slime creatures (D:12)
  15 blink frogs
  8 hippogriffs
  3 redbacks
  2 shadows
  A wyvern (D:8)
  A spriggan (Lair:3)
  56 yaks
  A hog (Lair:5)
  A wraith (D:8)
  2 basilisks (Lair:4)
  2 vampire mosquitoes (D:12)
  Menkaure (D:5)
  An acid dragon (Lair:6)
  9 water moccasins
  12 porcupines
  2 sky beasts
  3 orc warriors
  2 ice beasts (D:5)
  3 black bears
  Purgy (Sewer)
  4 ogres
  3 phantoms
  12 wolves
  2 centaurs
  8 crocodiles
  6 bullfrogs
  A big kobold (D:10)
  2 scorpions
  8 killer bees
  A howler monkey (D:6)
  8 crimson imps
  A quasit (D:9)
  4 hounds
  4 orc priests
  3 centaur zombies
  2 jellies
  9 orc wizards
  3 iguanas
  5 worker ants
  A hound zombie (D:6)
  A hound skeleton (D:4)
  A worker ant zombie (D:5)
  6 gnolls
  3 howler monkey skeletons
  3 adders
  A river rat (D:8)
  2 shadow imps
  2 oozes
  2 worms
  39 orcs
  4 ball pythons
  A bat zombie (D:4)
  A giant cockroach (D:2)
  5 goblins
  5 hobgoblins
  5 jackals
  8 quokkas
  8 bats
  2 frilled lizards
  5 kobolds
  6 rats
  A rat zombie (D:4)
424 creatures vanquished.

Vanquished Creatures (collateral kills)
  Saint Roka (Orc)
  A rakshasa (D:12)
  2 vault guards (D:12)
  3 centaur warriors
  3 two-headed ogres (D:10)
  An orc high priest (Orc)
  A glowing orange brain (D:12)
  4 orc knights
  A harpy (shapeshifter) (D:12)
  A cyclops (D:12)
  2 orc sorcerers (Orc)
  3 ugly things
  2 manticores
  2 elephants
  A centaur skeleton (D:10)
  3 yaktaurs
  A redback zombie (D:12)
  3 komodo dragons
  A freezing wraith (D:12)
  A merfolk (shapeshifter) (D:12)
  2 trolls
  8 slime creatures
  A blink frog (Lair:2)
  A hippogriff (shapeshifter) (D:12)
  3 dream sheep (Lair:5)
  2 hippogriffs
  A shadow (D:12)
  A wyvern (Lair:1)
  A vampire (D:11)
  A hog (Lair:4)
  4 yaks
  A hungry ghost (D:8)
  A vampire mosquito (D:12)
  A warg (Orc)
  A swamp worm (shapeshifter) (D:12)
  An acid dragon (D:12)
  3 water moccasins
  17 orc warriors
  A black bear (D:11)
  3 ogres
  2 centaurs (Volcano)
  3 wolves (Lair:5)
  3 crocodiles
  2 bullfrogs (Lair:3)
  A scorpion (D:10)
  2 killer bees (D:6)
  2 howler monkeys
  2 crimson imps
  A jelly (D:12)
  3 hounds
  6 orc priests
  2 iguanas
  10 orc wizards
  2 worker ants
  A gnoll (D:3)
  A worm (D:3)
  A leopard gecko (D:5)
  26 orcs
  A ball python (D:5)
  A rat (D:8)
163 creatures vanquished.

Vanquished Creatures (others)
  A yak (Lair:6)
  2 humans (Lair:5)
  3 centaurs (Volcano)
  2 orc wizards
  96 fungi
  57 plants
161 creatures vanquished.

Grand Total: 748 creatures vanquished

Notes
Turn   | Place    | Note
-------+----------+-------------------------------------------
     0 | D:1      | Gumption the Fairy Wizard began the quest for the Orb.
     0 | D:1      | Reached XP level 1. HP: 11/11 MP: 7/7
     3 | D:1      | Learned a level 1 spell: Slow
   202 | D:1      | Reached XP level 2. HP: 17/17 MP: 9/9
   276 | D:1      | Learned a level 2 spell: Blink
   279 | D:1      | Learned a level 2 spell: Call Imp
   681 | D:1      | Reached skill level 3 in Dodging
   796 | D:2      | Reached XP level 3. HP: 21/21 MP: 11/11
   883 | D:2      | Learned a level 3 spell: Conjure Flame
  1364 | D:2      | Found an opulent altar of Gozag.
  1378 | D:2      | Found a bloodstained altar of Trog.
  1393 | D:2      | Became a worshipper of Gozag Ym Sagoz the Greedy
  1755 | D:3      | Reached skill level 1 in Hexes
  1791 | D:2      | Reached XP level 4. HP: 24/27 MP: 12/12
  2209 | D:3      | Reached skill level 1 in Fire Magic
  2335 | D:2      | Reached XP level 5. HP: 26/31 MP: 11/14
  2357 | D:2      | Learned a level 3 spell: Mephitic Cloud
  2382 | D:3      | Reached skill level 5 in Spellcasting
  2751 | D:4      | Found a staircase to the Ecumenical Temple.
  2838 | D:4      | Noticed an ogre
  2853 | D:4      | Killed an ogre
  2853 | D:4      | Reached skill level 4 in Dodging
  2894 | D:4      | Found an ancient bone altar of Kikubaaqudgha.
  3086 | D:4      | Reached XP level 6. HP: 36/36 MP: 15/15
  3828 | D:5      | Entered Level 5 of the Dungeon
  3871 | D:5      | Found a glowing golden altar of the Shining One.
  3905 | D:5      | Reached skill level 1 in Shields
  4079 | D:5      | Noticed Menkaure
  4113 | D:5      | Killed Menkaure
  4113 | D:5      | Reached XP level 7. HP: 19/41 MP: 13/17
  4151 | D:5      | Found a glowing drain.
  4170 | Sewer    | Entered a sewer
  4409 | Sewer    | Noticed Purgy
  4436 | Sewer    | Killed Purgy
  4436 | Sewer    | Reached skill level 5 in Dodging
  4637 | D:5      | Noticed a manticore
  4919 | D:5      | Reached XP level 8. HP: 46/46 MP: 16/19
  5021 | D:5      | Found a shimmering blue altar of Sif Muna.
  5061 | D:5      | Found a runed translucent gate.
  5061 | D:5      | Found a runed translucent gate.
  5063 | D:5      | Found a runed translucent gate.
  5065 | D:5      | Noticed yrara's ghost (novice DsFi)
  5065 | D:5      | Noticed Quickbrownfox's ghost (novice MfSk)
  5256 | D:6      | Noticed a hippogriff
  5266 | D:6      | Killed a hippogriff
  5266 | D:6      | Reached skill level 6 in Dodging
  5266 | D:6      | Reached skill level 5 in Shields
  5422 | D:6      | Found Linik's Weapon Shoppe.
  5482 | D:6      | Reached skill level 1 in Air Magic
  5482 | D:6      | Reached skill level 1 in Poison Magic
  5941 | D:6      | Reached XP level 9. HP: 51/51 MP: 18/21
  6548 | D:6      | Reached skill level 7 in Dodging
  6656 | D:6      | Found a stormy altar of Qazlal.
  6840 | D:7      | Noticed a green ugly thing
  6882 | D:7      | Killed a green ugly thing
  6882 | D:7      | Reached skill level 5 in Conjurations
  7225 | D:7      | Reached skill level 1 in Fighting
  7500 | D:7      | Reached skill level 8 in Dodging
  7604 | D:7      | Found a shattered altar of Ashenzari.
  8274 | D:8      | Found a transporter.
  8317 | D:8      | Found Imnoov's Weapon Shop.
  8538 | D:8      | Found a staircase to the Lair.
  8538 | D:8      | Noticed a death yak
  8741 | D:8      | Noticed a death yak
  8750 | D:8      | Noticed a death yak
  8813 | D:8      | Killed a death yak
  8813 | D:8      | Reached skill level 9 in Dodging
  8813 | D:8      | Reached XP level 10. HP: 22/63 MP: 11/25
  8838 | D:8      | Killed a death yak
  9056 | D:8      | Killed a death yak
  9190 | D:8      | Reached skill level 10 in Dodging
  9391 | D:8      | Reached skill level 10 in Spellcasting
  9606 | D:8      | Reached skill level 5 in Fighting
  9788 | D:8      | Reached skill level 11 in Dodging
  9852 | D:8      | Found a transporter.
  9960 | D:8      | Reached XP level 11. HP: 66/72 MP: 18/27
 10127 | D:9      | Noticed a cyclops
 10156 | D:9      | Killed a cyclops
 10156 | D:9      | Reached skill level 1 in Short Blades
 10547 | D:9      | Found a basalt altar of Yredelemnul.
 11275 | Lair:1   | Entered Level 1 of the Lair of Beasts
 11580 | Lair:1   | Reached skill level 1 in Evocations
 11734 | Lair:1   | Reached skill level 12 in Dodging
 12152 | Lair:1   | Noticed Erica
 12166 | Lair:1   | Killed Erica
 12398 | Lair:2   | Reached XP level 12. HP: 81/81 MP: 25/29
 12752 | Lair:2   | Noticed a five-headed hydra
 12770 | Lair:2   | Killed a five-headed hydra
 12943 | Lair:2   | Noticed a catoblepas
 13022 | Lair:2   | Killed a catoblepas
 13673 | Lair:3   | Reached skill level 5 in Short Blades
 13675 | Lair:3   | Noticed a six-headed hydra
 13814 | Lair:3   | Found a hole to the Spider Nest.
 14183 | Lair:2   | Reached skill level 13 in Dodging
 14447 | Lair:2   | Reached skill level 5 in Evocations
 14779 | Lair:3   | Killed a six-headed hydra
 15098 | Lair:3   | Noticed a dire elephant
 15141 | Lair:3   | Killed a dire elephant
 15479 | Lair:3   | Reached XP level 13. HP: 82/89 MP: 31/31
 15488 | Lair:3   | Learned a level 3 spell: Ozocubu's Armour
 15554 | Lair:3   | Reached skill level 1 in Ice Magic
 15648 | Lair:3   | Reached skill level 1 in Charms
 16732 | Lair:4   | Learned a level 3 spell: Regeneration
 17306 | Lair:4   | Reached skill level 1 in Necromancy
 17482 | Lair:4   | Reached skill level 14 in Dodging
 17804 | Lair:5   | Noticed Kirke
 17923 | Lair:4   | Killed Kirke
 18128 | Lair:5   | Got a translucent ruby amulet
 18186 | Lair:5   | Bought a wand of iceblast (8) for 168 gold pieces
 18597 | Lair:5   | Found a staircase to the Slime Pits.
 18793 | Lair:5   | HP: 2/90 [dream sheep (24)]
 19264 | Lair:5   | Identified the amulet of Pagreita {Acrobat *Corrode *Drain
                  | rF+++ Dex+3} (You found it on level 5 of the Lair of
                  | Beasts)
 19630 | Lair:5   | Identified a scroll of acquirement
 19683 | Lair:6   | Entered Level 6 of the Lair of Beasts
 19703 | Lair:5   | Reached XP level 14. HP: 97/97 MP: 25/33
 20266 | Lair:6   | Reached skill level 15 in Dodging
 20282 | Lair:6   | Reached skill level 10 in Fighting
 22328 | Lair:6   | Bought a book of Callings for 330 gold pieces
 22336 | Lair:6   | Learned a level 4 spell: Summon Ice Beast
 22342 | Lair:6   | Learned a level 5 spell: Summon Lightning Spire
 22615 | D:10     | Entered Level 10 of the Dungeon
 22860 | D:10     | Found Ulokisury's Food Emporium.
 22868 | D:10     | Bought a ration for 55 gold pieces
 22868 | D:10     | Bought a ration for 55 gold pieces
 22868 | D:10     | Bought a ration for 55 gold pieces
 22868 | D:10     | Bought a ration for 55 gold pieces
 22868 | D:10     | Bought a ration for 55 gold pieces
 22868 | D:10     | Bought a ration for 55 gold pieces
 22868 | D:10     | Bought a ration for 55 gold pieces
 22868 | D:10     | Bought a ration for 55 gold pieces
 23316 | D:10     | Reached XP level 15. HP: 99/105 MP: 22/35
 23916 | D:11     | Found Diugo's Distillery.
 24151 | D:11     | Found a staircase to the Orcish Mines.
 24571 | D:11     | Found the +6 scimitar of Flaming Death {sticky flame, rF++
                  | rC- MR+}
 24722 | Orc      | Entered the Orcish Mines
 24745 | Orc      | Found a dark tunnel.
 24754 | Volcano  | Entered a volcano
 25080 | Volcano  | Found a radiant altar of Vehumet.
 25529 | Orc      | Reached skill level 5 in Air Magic
 25876 | Orc      | Reached skill level 5 in Summonings
 25887 | Orc      | Noticed Saint Roka
 25947 | Orc      | Killed Saint Roka
 26310 | Orc      | Found a staircase to the Elven Halls.
 26401 | Orc      | Found a roughly hewn altar of Beogh.
 26421 | Orc      | Found Gyariut's Jewellery Shoppe.
 26463 | Orc      | Found Qeitij's Antique Armour Shoppe.
 26485 | Orc      | Found Huahus's General Store.
 26498 | Orc      | Found Onnaecul's Antique Weapon Shoppe.
 26750 | Orc      | Bought a pair of ichor-stained boots for 209 gold pieces
 26767 | Orc      | Identified the -1 pair of boots of the Neverending Lies
                  | {Slay+2} (You bought it in a shop in the Orcish Mines)
 26899 | D:12     | Entered Level 12 of the Dungeon
 26937 | D:12     | Reached skill level 5 in Ice Magic
 27999 | D:12     | Found a staircase to the Depths.
 28031 | D:12     | Found a gate to the Vaults.
 28092 | D:12     | Reached skill level 16 in Dodging
 28427 | D:12     | Killed from afar by an ice dragon

Skill      XL: |  1  2  3  4  5  6  7  8  9 10 11 12 13 14 15 |
---------------+----------------------------------------------+-----
Conjurations   | 2 3 4 5 |  5.1
Dodging        | 3 4 5 6 9 11 12 13 14 15 16 | 16.0
Hexes          | 1 2 3 |  3.0
Fire Magic     | 1 2 3 |  3.0
Spellcasting   | 5 6 7 9 10 11 12 13 14 | 14.6
Summonings     | 2 3 5 |  5.0
Shields        | 1 4 5 |  5.6
Air Magic      | 2 3 4 5 |  5.0
Poison Magic   | 2 4 |  4.5
Fighting       | 3 5 7 8 9 10 11 | 11.5
Translocations | 2 |  2.0
Short Blades   | 4 6 7 9 |  9.9
Evocations     | 3 6 |  6.0
Ice Magic      | 3 5 |  5.0
Charms         | 3 |  3.0
Necromancy     | 3 |  3.0
Stealth        | |  1.5

Action                   |  1- 3 |  4- 6 |  7- 9 | 10-12 | 13-15 || total
-------------------------+-------+-------+-------+-------+-------++-------
Melee: Staff             |     1 |       |       |       |       ||     1
       Short sword       |       |       |     4 |       |       ||     4
       Dagger            |       |       |       |       |    41 ||    41
       Scimitar          |       |       |       |       |    30 ||    30
 Fire: Blowgun           |       |       |     6 |     4 |     5 ||    15
Throw: Tomahawk          |       |     2 |       |       |       ||     2
 Cast: Magic Dart        |    83 |   114 |   365 |   790 |  1234 ||  2586
       Slow              |     5 |     3 |     6 |     3 |     4 ||    21
       Call Imp          |     3 |    43 |    51 |    77 |   154 ||   328
       Blink             |     1 |     6 |    47 |    68 |   116 ||   238
       Conjure Flame     |       |     2 |    29 |    81 |   114 ||   226
       Mephitic Cloud    |       |       |     9 |    50 |    65 ||   124
       Regeneration      |       |       |       |       |    26 ||    26
       Ozocubu's Armour  |       |       |       |       |     1 ||     1
       Summon Ice Beast  |       |       |       |       |    59 ||    59
       Summon Lightning  |       |       |       |       |    62 ||    62
Invok: Call Merchant     |       |       |       |       |     2 ||     2
 Abil: Fly               |     1 |       |       |       |       ||     1
       Stop Flying       |     1 |       |       |       |       ||     1
Evoke: Wand              |       |       |       |     8 |    24 ||    32
  Use: Scroll            |     2 |    11 |     4 |     6 |    17 ||    40
       Potion            |       |       |       |       |     1 ||     1
 Stab: Distracted        |       |       |       |       |     3 ||     3
  Eat: Ration            |     1 |     2 |     4 |     6 |    12 ||    25
       Chunk             |       |       |       |       |     2 ||     2
Armor: Skin              |     4 |    13 |    12 |    33 |   112 ||   174
Dodge: Dodged            |     9 |    36 |    44 |   140 |   580 ||   809
Block: Other             |     1 |     7 |       |       |       ||     8
       Buckler           |       |       |    49 |   109 |   497 ||   655
